 Dungeon Crawl Stone Soup version 0.29-a0-40-g8eb35efe60 (webtiles) character file.

Game seed: 11581572760590308345

84 ddubois the Skirmisher (level 4, 0/37 HPs)
             Began as a Palentonga Transmuter on Feb 1, 2022.
             Was an Initiate of Gozag.
             Slain by a gnoll (8 damage)
             ... on level 1 of the Dungeon.
             The game lasted 00:06:22 (2653 turns).

ddubois the Skirmisher (Palentonga Transmuter)      Turns: 2653, Time: 00:06:23

Health: 0/37       AC:  4    Str: 13    XL:     4   Next: 23%
Magic:  7/7        EV:  9    Int: 16    God:    Gozag
Gold:   116        SH:  3    Dex: 10    Spells: 6/7 levels left

rFire   . . .      SeeInvis +   c - +0 whip
rCold   . . .      Faith    .   n - +0 buckler
rNeg    . . .      Spirit   .   a - +0 robe
rPois   .          Reflect  .   (no helmet)
rElec   .          Harm     .   (no cloak)
rCorr   .          Rampage  .   (no gloves)
Will    .....                   (no barding)
Stlth   +.........              (no amulet)
HPRegen 0.12/turn               (no ring)
MPRegen 0.10/turn               (no ring)

@: no status effects
A: large, rugged brown scales 3, see invisible, deformed body, roll 1, armoured
tail
a: Rolling Charge, Renounce Religion, Potion Petition, Call Merchant, Bribe
Branch


You were on level 1 of the Dungeon.
You worshipped Gozag.
Gozag was aware of your devotion.
You visited 1 branch of the dungeon, and saw 2 of its levels.

You collected 116 gold pieces.

Inventory:

Hand Weapons
 c - a +0 whip (weapon)
Missiles
 b - 86 stones (quivered)
 h - 19 arrows
Armour
 a - a +0 robe (worn)
 n - a +0 buckler (worn)
Scrolls
 i - 2 scrolls of enchant weapon {unknown}
 j - a scroll of teleportation {unknown}
 k - a scroll of magic mapping {unknown}
 l - a scroll of fear {unknown}
Potions
 d - a potion of brilliance {unknown}
 e - a potion of degeneration {unknown}
 f - a potion of might {unknown}
 m - a potion of attraction {unknown}


   Skills:
 + Level 3.1 Fighting
 * Level 2.0 Maces & Flails
 + Level 1.7 Dodging
 - Level 0.3 Stealth
 + Level 0.3 Shields
 - Level 3.0 Unarmed Combat
 - Level 2.0 Spellcasting
 - Level 2.0 Transmutations


You had 6 spell levels left.
You knew the following spells:

 Your Spells              Type           Power      Damage    Failure   Level
a - Beastly Appendage     Tmut           16%        N/A       12%         1

Your spell library contained the following spells:

 Spells                   Type           Power      Damage    Failure   Level
 Wereblood                Tmut           8%         N/A       17%         2
 Spider Form              Tmut/Pois      4%         N/A       45%         3
 Ice Form                 Ice/Tmut       4%         N/A       86%         4
 Summon Lightning Spire   Summ/Air       1%         N/A       95%         4
 Storm Form               Tmut/Air       2%         N/A       100%        7
 Maxwell's Capacitive Co  Air            0%         ∞         100%        8


Dungeon Overview and Level Annotations

Branches:
Dungeon (2/15)

Altars:
Gozag

Annotations:
D:2 1 runed translucent door, Crazy Yiuf


Innate Abilities, Weirdness & Mutations

You are completely covered in rugged brown scales. (AC +3, +7% HP)
You have supernaturally acute eyesight. (SInv)
Armour fits poorly on your strangely shaped body.
You can roll at nearby foes to attack.
You have a long armoured tail.


Message History

Press: ? - help, Q - select action, (/) - cycle Shift-Dir - straight line, f/p - gnoll
Aim: a gnoll, wielding a +0 spear (lightly wounded, 60% to hit)
You throw a stone. The stone closely misses the gnoll.
Throw: 87 stones
Press: ? - help, Q - select action, (/) - cycle Shift-Dir - straight line, f/p - gnoll
Aim: a gnoll, wielding a +0 spear (lightly wounded, 60% to hit)
You throw a stone.
The stone hits the gnoll but does no damage.
The gnoll is lightly wounded.
The gnoll hits you from afar with a +0 spear.
The gnoll closely misses you. The gnoll hits you with a +0 whip.
You climb upwards.
There is a stone staircase leading down here.
You hit the gnoll.
The gnoll is moderately wounded.
The gnoll hits you with a +0 whip.
You barely miss the gnoll.
The gnoll is moderately wounded.
The gnoll hits you with a +0 whip.
You barely miss the gnoll. You tail-slap the gnoll.
The gnoll is heavily wounded.
The gnoll barely misses you.
You barely miss the gnoll.
The gnoll is heavily wounded.
The gnoll hits you with a +0 whip.
You hit the gnoll but do no damage.
Your tail-slap misses the gnoll.
The gnoll is heavily wounded.
The gnoll barely misses you.
You closely miss the gnoll.
Your tail-slap misses the gnoll.
The gnoll is heavily wounded.
The gnoll hits you with a +0 whip.
You hit the gnoll.
The gnoll is severely wounded.
The gnoll hits you with a +0 whip.
* * * LOW HITPOINT WARNING * * *
You barely miss the gnoll.
The gnoll is severely wounded.
The gnoll hits you with a +0 whip!
You die...
Your body crumbles into a pile of gold.

# # # ###### ###### #....# #....#
#######....######## #....'
####............@g...# #....#
.....##########....#.### #...)#
.....# #.#....#...# #....# .....#
#.#....###.######'#.# .....#
#.+....+......)...#.#
.....########'#....###.######+#.#
.....##............# #.# #......
####.##............# #.# #.....†
# #.##.......>....# #.# #......


You could see a gnoll.

Vanquished Creatures
  2 adders (D:2)
  A gnoll (D:1)
  A dart slug (D:1)
  2 endoplasms
  2 giant cockroaches (D:1)
  4 goblins
  7 hobgoblins
  4 quokkas
  4 ball pythons
  8 bats
  3 frilled lizards (D:1)
  8 kobolds
  8 rats
54 creatures vanquished.

Vanquished Creatures (others)
  11 demonic plants (D:2)
  13 fungi (D:2)
  9 plants (D:2)
  7 withered plants (D:2)
40 creatures vanquished.

Grand Total: 94 creatures vanquished

Notes
Turn   | Place    | Note
-------+----------+-------------------------------------------
     0 | D:1      | ddubois the Palentonga Transmuter began the quest for the
                  | Orb.
     0 | D:1      | Reached XP level 1. HP: 16/16 MP: 3/3
   376 | D:1      | Reached XP level 2. HP: 18/23 MP: 5/5
   966 | D:1      | Reached skill level 1 in Maces & Flails
   971 | D:1      | Reached XP level 3. HP: 24/29 MP: 6/6
  1487 | D:2      | Found a runed translucent door.
  1488 | D:2      | Noticed Crazy Yiuf
  1945 | D:2      | Found a faded altar of an unknown god.
  2034 | D:2      | Prayed at the altar of an unknown god.
  2034 | D:2      | Became a worshipper of Gozag Ym Sagoz the Greedy
  2044 | D:2      | Reached XP level 4. HP: 33/37 MP: 7/7
  2653 | D:1      | Slain by a gnoll

Illustrated notes

Levels and vault maps discovered:
D:1:      lightli_arrival_boilingwater, layout_basic
D:2:      layout_loops_corners, shapermc_ecumenical_altar_gd,
          uniq_crazy_yiuf_cottage

Skill      XL: |  1  2  3  4 |
---------------+-------------+-----
Fighting       | 2 3 |  3.1
Maces & Flails | 1 2 |  2.0
Dodging        | |  1.7
Stealth        | |  0.3
Shields        | |  0.3
Unarmed Combat | |  3.0
Spellcasting   | |  2.0
Transmutations | |  2.0

Action                   |  1- 3 |  4- 6 || total
-------------------------+-------+-------++-------
Melee: Whip              |   128 |    38 ||   166
       Unarmed           |     3 |       ||     3
       Tailslap          |    16 |     4 ||    20
       Punch             |     2 |       ||     2
Throw: Stone             |       |     5 ||     5
 Abil: Rolling Charge    |    41 |     4 ||    45
  Use: Scroll            |       |     1 ||     1
 Stab: Distracted        |     1 |       ||     1
Armor: Robe              |    36 |     8 ||    44
Dodge: Dodged            |    52 |    20 ||    72
Block: Buckler           |       |     3 ||     3

Table legend: (Time is in decaauts)
 A = Elapsed time spent in this place.
 B = Non-inter-level travel time spent in this place.
 C = Inter-level travel time spent in this place.
 D = Time resting spent in this place.
 E = Time spent auto-exploring this place.
 F = Levels seen in this place.
 G = Mean time per level.
                   A        B        C        D        E       F      G
               +--------+--------+--------+--------+--------+-----+--------+
         Total |   2670 |   2641 |     29 |    156 |   2023 |   2 | 1335.0 |
       Dungeon |   2670 |   2641 |     29 |    156 |   2023 |   2 | 1335.0 |
               +--------+--------+--------+--------+--------+-----+--------+

Top non-repeatable levels by time:
     D:1: 1478 daAuts
     D:2: 1191 daAuts
